 Dungeon Crawl Stone Soup version 0.25-a0-253-g6f1b5d974a (webtiles) character file.

Game seed: 12127496605451942951, levelgen mode: deterministic

173 Lanoc the Conjurer (level 5, -5/28 HPs)
             Began as a Deep Elf Conjurer on Dec 5, 2019.
             Slain by Sigmund
             ... wielding a +2 scythe of distortion
              (10 damage)
             ... on level 3 of the Dungeon.
             The game lasted 00:06:25 (1831 turns).

Lanoc the Conjurer (Deep Elf Conjurer)              Turns: 1831, Time: 00:06:25

Health: -5/28      AC:  6    Str:  5    XL:     5   Next: 28%
Magic:  11/11      EV: 14    Int: 21    God:
Gold:   148        SH:  0    Dex: 15    Spells: 7/10 levels left

rFire    + . .     SeeInvis .   (no weapon)
rCold    . . .     Gourm    .   (no shield)
rNeg     . . .     Faith    .   a - +0 robe
rPois    .         Spirit   .   (no helmet)
rElec    .         Reflect  .   k - +1 cloak
rCorr    .         Harm     .   (no gloves)
MR       .....                  h - +1 pair of boots
Stlth    ++........             (no amulet)
HPRegen  0.09/turn              b - ring of protection from fire
MPRegen  0.12/turn              (no ring)

@: no status effects
A: no striking features
a: no special abilities


You were on level 3 of the Dungeon.
You were not hungry.

You visited 1 branch of the dungeon, and saw 3 of its levels.

You collected 148 gold pieces.

Inventory:

Missiles
 g - 22 poisoned darts (quivered)
Armour
 a - a +0 robe (worn)
 h - a +1 pair of boots (worn)
 k - a +1 cloak (worn)
Jewellery
 b - a ring of protection from fire (left hand)
Wands
 r - a wand of flame (13)
Scrolls
 d - a scroll of enchant weapon {unknown}
 f - 2 scrolls of noise {unknown}
 i - 4 scrolls of identify {unknown}
 l - 2 scrolls of remove curse {unknown}
 n - 2 scrolls of amnesia {unknown}
 o - a scroll of fog {unknown}
 q - a scroll of fear {unknown}
Potions
 e - a potion of cancellation
 j - a potion of haste {unknown}
 m - a potion of might {unknown}
 p - a potion of flight {unknown}
 t - a potion of brilliance {unknown}
 u - 2 potions of heal wounds {unknown}
 v - a potion of resistance {unknown}
Comestibles
 c - a ration
 s - 2 chunks of flesh


   Skills:
 + Level 4.2 Dodging
 - Level 2.4 Stealth
 - Level 3.0 Spellcasting
 * Level 6.5 Conjurations


You had 7 spell levels left.
You knew the following spells:

 Your Spells              Type           Power        Failure   Level  Hunger
a - Magic Dart            Conj           ####         1%          1    None
b - Searing Ray           Conj           ####..       1%          2    ##.....

Your spell library contained the following spells:

 Spells                   Type           Power        Failure   Level  Hunger
 Dazzling Flash           Conj/Hex       ###...       11%         3    ###....
 Fulminant Prism          Conj/Hex       ###.......   34%         4    ####...
 Iskenderun's Mystic Bla  Conj/Tloc      ###.....     34%         4    ####...


Dungeon Overview and Level Annotations

Branches:
Dungeon (3/15)

Altars:
Trog

Annotations:
D:3 Sigmund


Message History

Aim: Sigmund, wielding a +2 scythe of distortion and wearing a +0 robe (hasn't noticed you)
The magic dart hits Sigmund.
Sigmund is lightly wounded.
Sigmund shouts!
You hear a shout!
Sigmund mumbles some strange words.
Sigmund flickers and vanishes!
Deactivating autopickup; reactivate with Ctrl-A.
Something tries to affect you, but you resist.
A puff of flame appears from out of thin air!
The puff of flame hits you. You resist. Something hits you!
Space bends around you.
You see here a leather armour.
You see here 22 sling bullets.
Something hits you!
* * * LOW HITPOINT WARNING * * *
You feel strangely unstable.
It was a potion of cancellation.
You feel strangely stable.
You feel magically purged. Something hits you!
You die...

#............# #####
#............## #....
#.............######....
#..........†............
#............##)##......
#.........[.....##......
#..........####...##....
#.......(..# #...##....
#......@...# #...######
#..........# #.....####
######..#### ##.........
#..######....#.....
#..##........######
##.##...)#...#
#..####.#.### ##. #.#.#
#.#.#


There were no monsters in sight!

Vanquished Creatures
  2 jellies (D:1)
  Terence (D:3)
  An adder (D:2)
  An ooze (D:1)
  A dart slug (D:3)
  3 leopard geckos
  6 giant cockroaches
  14 goblins
  6 hobgoblins (D:1)
  2 jackals (D:1)
  8 kobolds
  A quokka (D:2)
  3 ball pythons
  6 bats
  4 frilled lizards
  6 rats
65 creatures vanquished.

Notes
Turn   | Place    | Note
-------+----------+-------------------------------------------
     0 | D:1      | Lanoc the Deep Elf Conjurer began the quest for the Orb.
     0 | D:1      | Reached XP level 1. HP: 10/10 MP: 6/6
     0 | D:1      | Noticed a jelly
     1 | D:1      | Found a runed translucent door.
   172 | D:1      | Reached XP level 2. HP: 15/15 MP: 4/8
   288 | D:1      | Reached skill level 5 in Conjurations
   499 | D:1      | Reached XP level 3. HP: 19/19 MP: 5/9
   789 | D:1      | Learned a level 2 spell: Searing Ray
   817 | D:1      | Reached XP level 4. HP: 21/24 MP: 5/10
   869 | D:1      | Reached skill level 6 in Conjurations
  1457 | D:2      | Found a bloodstained altar of Trog.
  1541 | D:3      | Reached XP level 5. HP: 28/28 MP: 4/11
  1668 | D:3      | Noticed Terence
  1682 | D:3      | Killed Terence
  1782 | D:3      | Noticed Sigmund
  1831 | D:3      | Slain by Sigmund

Levels and vault maps discovered:
D:1:      dpeg_arrival_caged_fury, layout_loops_ring, minmay_indecisive_spiral
D:2:      layout_basic, lemuel_coloured_pillars_altar
D:3:      minmay_chambers_of_threes, layout_rooms, lemuel_crystal_altar,
          uniq_terence, uniq_sigmund

Skill      XL: |  1  2  3  4 |
---------------+-------------+-----
Conjurations   | 5 6 |  6.5
Dodging        | 3 4 |  4.2
Stealth        | |  2.4
Spellcasting   | |  3.0

Action                   |  1- 3 |  4- 6 || total
-------------------------+-------+-------++-------
Melee: Unarmed           |     2 |       ||     2
 Cast: Magic Dart        |    57 |    59 ||   116
       Searing Ray       |     1 |     2 ||     3
  Use: Potion            |       |     1 ||     1
  Eat: Chunk             |       |     3 ||     3
Armor: Robe              |     5 |       ||     5
Dodge: Dodged            |     8 |     3 ||    11

Table legend:
 A = Non-vault XP
 B = Vault XP
 C = Vault XP percentage of total XP
 D = Non-vault monster count
 E = Vault monster count
 F = Vault count percentage of total count
                 A         B        C        D         E       F
            +---------+---------+-------+---------+---------+-------
      Total |     106 |     142 |  57.3 |      52 |      13 |  20.0
            +---------+---------+-------+---------+---------+-------
        D:1 |      50 |     106 |  67.9 |      27 |      12 |  30.8
        D:2 |      33 |       0 |   0.0 |      14 |       0 |   0.0
        D:3 |      23 |      36 |  61.0 |      11 |       1 |   8.3
            +---------+---------+-------+---------+---------+-------
